Unix NetHack Version 5.0.0-0 post-release - last build May 23 2026 06:08:33 (1c0ff79ee797540d5714e4e18072db0edd9e58ae,branch:main).

Game began 2026-05-28 22:17:20, ended 2026-05-28 23:26:16.

Ch3Begorrah, chaotic male human Rogue

 ------------
 |...........##   ------
 |..........| #   |....-                          -----------
 |....>...^.| #   |....|                          |.^.......|
 |..........| ####|....|        ##################|.........|
 ----.-------    #|....|        #-------------   #|.`.......|
     #           #...<.|        #|C.........C|  ##..........-#
     #            ------       ##|.....C.....|  ##|.........|#
     ##                        ##|...-----...|## #-----------#
  ----.--                      ##|..@|.{.|...-#  #           #
  |......########################|..a|{.{|C..|####           ###
  |.....|                      # |..)..{.|...|#      ###################
  |.....|                      ##...)-----...|#                #    ---%-----
  |.....|                        |(f...C.[().|#                 ### |.......|
  -------                        |C.....`...C-                    # |)[.....|
                                 -------------                    ##-.`.....|
                                                                    ---------

Ch3Begorrah the Rogue   St:8 Dx:17 Co:16 In:12 Wi:13 Ch:10  Chaotic
Dlvl:9  $:276 HP:0(60) Pw:31(31) AC:0  Xp:7 T:4886 

Latest messages:
 The dagger hits the fire ant.
 The fire ant bites!
 The fire ant misses!
 What do you want to zap? [impKO or ?*] ?
 In what direction? h
 The sleep ray hits the fire ant.
 You have no ammunition readied.
 What do you want to fire? [$ or ?*] <esc>
 Never mind.
 What do you want to zap? [impKO or ?*] ?
 In what direction? h
 You kill it!
 What do you want to zap? [impKO or ?*] O
 In what direction? h
 g - 8 +0 daggers (at the ready).
 You hear snoring snakes.
 You hit the fog cloud.
 You hit the fog cloud.
 You hit the fog cloud.
 You hit the fog cloud.
 You hit the fog cloud.
 You destroy the fog cloud!
 Step into that vapor cloud? [yn] (n) n
 Step into that vapor cloud? [yn] (n) y
 You see here a leather hat.
 You see here a statue of a plains centaur.
 You hear some noises.
 You hear some noises in the distance.
 You stop searching.
 You hear some noises.
 You see here a statue of a plains centaur.
 In what direction? j
 You throw 2 daggers.
 The 1st dagger hits the fire ant.
 The 2nd dagger misses the fire ant.
 In what direction? j
 You throw 2 daggers.
 The 1st dagger hits the fire ant!
 The 2nd dagger hits the fire ant.
 What do you want to write with? [- gimpqxBEKMOVW or ?*] -
 You write in the dust with your fingertip.
 What do you want to write in the dust here? Elbereth
 The fire ant bites!
 The fire ant bites again!
 You avoid harm.
 The fire ant bites!
 The fire ant bites again!
 You're on fire!
 You die...
 Do you want your possessions identified? [ynq] (y) q

Inventory:
 Coins    ('$')
  $ - 276 gold pieces
 Weapons  (')')
  g - 4 +0 daggers (at the ready)
  M - a +0 elven dagger (weapon in right hand)
 Armor    ('[')
  s - a blessed +1 orcish helm (being worn)
  t - an uncursed +0 pair of leather gloves (being worn)
  R - an uncursed +0 pair of low boots (being worn)
  N - an uncursed +0 elven shield (being worn)
  T - an uncursed +0 elven cloak (being worn)
  c - an uncursed +1 leather armor (being worn)
 Comestibles  ('%')
  Q - an uncursed slime mold
  w - an uncursed cram ration
  J - an uncursed eucalyptus leaf
 Scrolls  ('?')
  G - a blessed scroll of stinking cloud
  D - an uncursed scroll of teleportation
 Potions  ('!')
  L - a blessed potion of object detection
 Rings    ('=')
  x - an uncursed ring of free action (on left hand)
  W - an uncursed ring of protection from shape changers named ok
  q - an uncursed ring of slow digestion named ok
 Wands    ('/')
  i - a wand of cold (0:5)
  O - a wand of magic missile (0:2)
  K - a wand of make invisible (0:4)
  m - a wand of secret door detection (0:6)
  p - a wand of sleep (0:3)
 Tools    ('(')
  f - an empty uncursed sack
  H - a +0 grappling hook
  e - an uncursed lock pick
  n - an uncursed tin opener
  I - an uncursed tin whistle
  E - an uncursed towel
  U - a +0 unicorn horn
 Gems/Stones  ('*')
  B - 3 uncursed worthless pieces of orange glass
  V - 2 uncursed worthless pieces of yellowish brown glass

Ch3Begorrah the Rogue's attributes:

Background:
 You were a Rogue, level 7 male human.
 You were chaotic, nominally on a mission for Kos
 who was opposed by Issek (lawful) and Mog (neutral).
 You were right-handed.
 You were in the Dungeons of Doom, on level 9.
 You entered the dungeon 4886 turns ago.
 It was nighttime.
 You had 777 experience points, 503 more were needed to attain level 8.

Basics:
 You had 0 out of 60 hit points.
 You had all 31 energy points (spell power).
 Your armor class was 0.
 Your wallet contained 276 zorkmids.
 Autopickup was on for '$!/(' plus thrown, with exceptions.

Final Characteristics:
 Your strength was 8 (limit:18/100).
 Your dexterity was 17 (limit:18).
 Your constitution was 16 (limit:18).
 Your intelligence was 12 (limit:18).
 Your wisdom was 13 (limit:18).
 Your charisma was 10 (limit:18).

Final Status:
 You weren't hungry.
 You were unencumbered.
 You were wielding a dagger.
 You were skilled in dagger and could have enhanced that.

Final Attributes:
 You were piously aligned.
 You were stealthy.
 You were warded.
 You were fast.
 You had free action.
 You are dead.

Miscellaneous:
 You didn't encounter any bones levels.
 Total elapsed playing time was 1 hour, 8 minutes and 55 seconds.

Major events:
 Turn
    1: Ch3Begorrah the chaotic male human Rogue entered the dungeon
 1199: attained the rank of Cutpurse (level 3)
 2147: entered the Gnomish Mines
 3315: attained the rank of Rogue (level 6)
 4886: killed by a fire ant

You didn't know any spells.

Skills:
 Fighting Skills
   bare handed combat [Unskilled]
   two weapon combat  [Unskilled]
   riding             [Unskilled]
 Weapon Skills
   dagger             [Skilled]
   knife              [Unskilled]
   short sword        [Basic]
   broadsword         [Unskilled]
   long sword         [Unskilled]
   two-handed sword   [Unskilled]
   saber              [Unskilled]
   club               [Unskilled]
   mace               [Unskilled]
   morning star       [Unskilled]
   flail              [Unskilled]
   hammer             [Unskilled]
   polearms           [Unskilled]
   spear              [Unskilled]
   crossbow           [Unskilled]
   dart               [Unskilled]
   shuriken           [Unskilled]
 Spellcasting Skills
   divination spells  [Unskilled]
   escape spells      [Unskilled]
   matter spells      [Unskilled]

Voluntary challenges:
 Character rerolling was not enabled.
 You followed a strict vegan diet.
 You were an atheist.
 You never genocided any monsters.
 You never polymorphed an object.
 You never changed form.
 You used no wishes.
Achievements:
 You entered a shop.
 You attained the rank of Cutpurse.
 You entered the Gnomish Mines.
 You attained the rank of Rogue.

 The Dungeons of Doom: levels 1 to 10
    Level 1:
       A sink, a grave.
    Level 2:
       A general store, a fountain.
    Level 3:
    Level 4:
       Stairs down to The Gnomish Mines.
    Level 5:
    Level 6:
       A fountain, a grave.
    Level 7:
    Level 8:
    Level 9: <- You were here.
       Many fountains.
       Oracle of Delphi.
       Final resting place for
          you, killed by a fire ant.
    Level 10:
 The Gnomish Mines:
    Level 5:


Vanquished creatures:
  a tengu
  a human mummy
 an amorous demon
  a giant beetle
  2 leprechauns
  a black light
  a vampire bat
  a yeti
  2 dingoes
  a dog
  a dwarf leader
  a white unicorn
  a dust vortex
  2 ravens
  a gnome mummy
  a rope golem
  a Woodland-elf
  2 fire ants
 an imp
  3 mountain nymphs
  2 Uruk-hai
  a fog cloud
  2 yellow lights
  3 shriekers
  2 gnome leaders
  a gray ooze
  a floating eye
  2 dwarf zombies
  a wererat
  3 iguanas
  2 acid blobs
  a hobbit
  6 manes
  a large kobold
  a hobgoblin
  a giant rat
  3 cave spiders
  a yellow mold
  a green mold
  a gnome
  8 garter snakes
  2 gnome zombies
  a gecko
  6 jackals
  4 foxes
  a kobold
  3 goblins
  2 sewer rats
  2 grid bugs
  2 bats
  3 lichens
  a kobold zombie
  9 newts
106 creatures vanquished.

No species were genocided or became extinct.

Game over:
                       ----------
                      /          \
                     /    REST    \
                    /      IN      \
                   /     PEACE      \
                  /                  \
                  |   Ch3Begorrah    |
                  |      276 Au      |
                  | killed by a fire |
                  |       ant        |
                  |                  |
                  |                  |
                  |       2026       |
                 *|     *  *  *      | *
        _________)/\\_//(\/(/\)/\//\/|_)_______

Goodbye Ch3Begorrah the Rogue...

You died in The Dungeons of Doom on dungeon level 9 with 3887 points,
and 276 pieces of gold, after 4886 moves.
You were level 7 with a maximum of 60 hit points when you died.

